 Dungeon Crawl Stone Soup version 0.23.1-37-gaa34b87 (webtiles) character file.

Game seed: 9048253293350954822

62 eccles the Covered (level 3, -1/33 HPs)
             Began as a Minotaur Fighter on Mar 22, 2019.
             Slain by a kobold
             ... wielding a +2 dagger of electrocution
              (19 damage)
             ... on level 2 of the Dungeon.
             The game lasted 00:05:25 (1205 turns).

eccles the Covered (Minotaur Fighter)               Turns: 1205, Time: 00:05:26

Health: -1/33      AC:  8    Str: 21    XL:     3   Next: 85%
Magic:  2/2        EV:  5    Int:  5    God:
Gold:   21         SH: 14    Dex:  9    Spells: 2/2 levels left

rFire    . . .     SeeInvis .   a - +0 war axe
rCold    . . .     Gourm    .   o - +0 large shield
rNeg     . . .     Faith    .   b - +0 scale mail
rPois    .         Spirit   .   (helmet restricted)
rElec    .         Reflect  .   (no cloak)
rCorr    .         Harm     .   (no gloves)
MR       .....                  p - +0 pair of boots
Stlth    ..........             (no amulet)
HPRegen  0.11/turn              (no ring)
MPRegen  0.08/turn              (no ring)

@: lightly drained
A: retaliatory headbutt, horns 2
a: no special abilities


You were on level 2 of the Dungeon.
You were hungry.

You visited 1 branch of the dungeon, and saw 2 of its levels.

You collected 21 gold pieces.

Inventory:

Hand Weapons
 a - a +0 war axe (weapon)
Armour
 b - a +0 scale mail (worn)
 c - a +0 shield
 o - a +0 large shield (worn)
 p - a +0 pair of boots (worn)
Jewellery
 q - a +3 ring of intelligence {unknown}
Scrolls
 e - a scroll of remove curse {unknown}
 m - a scroll of amnesia {unknown}
Potions
 d - a potion of might
 g - a potion of brilliance {unknown}
 h - a potion of agility {unknown}
 i - 3 potions of curing {unknown}
 j - 2 potions of lignification {unknown}
 k - a potion of ambrosia {unknown}
 l - a potion of resistance {unknown}
Comestibles
 f - 6 rations
 n - 4 chunks of flesh


   Skills:
 + Level 4.1(3.8) Fighting
 + Level 3.1(2.9) Axes
 + Level 4.6(4.4) Armour
 + Level 4.2(3.9) Shields


You had 2 spell levels left.
You didn't know any spells.
Your spell library was empty.

Dungeon Overview and Level Annotations

Branches:
Dungeon (2/15)

Altars:
Ashenzari
Kikubaaqudgha
Sif Muna
Zin
The Shining One


Innate Abilities, Weirdness & Mutations

You reflexively headbutt those who attack you in melee.
You have a pair of horns on your head.


Message History

A worm comes into view.
You hit the worm.
The worm is lightly wounded.
You slash the worm!
The worm is almost dead.
You block the worm's attack.
You slash the worm!
You kill the worm!
You see here a scale mail.
Found 8 gold pieces.
Found a stone staircase leading down.
A kobold comes into view.
It is wielding a +2 dagger of electrocution.
The kobold shouts!
Found a scroll labeled XULISH OQUOPS.
The kobold hits you but does no damage.
You are electrocuted!
The kobold completely misses you.
You barely miss the kobold. You block the kobold's attack.
The kobold hits you but does no damage.
You are electrocuted!!
Ouch! That really hurt!
You die...

>.## .## ##......# ##
.......# ##### #......#
..... #.>....# #####
#......# # #......####
###### #....$....# .....# #
#....@....# .###...#
#.?.K.....# ........
.######.##### .######.
........# .##
..>####.########### ..###
###.#####...........# .....
....................#
##..###...#####............#
#..........# #.#..........#


You could see a kobold.

Vanquished Creatures
  2 adders (D:2)
  An ooze (D:2)
  2 worms (D:2)
  2 dart slugs (D:1)
  3 leopard geckos
  5 bats
  A giant cockroach (D:1)
  2 goblins
  3 hobgoblins
  2 ball pythons
  6 frilled lizards
  3 kobolds
32 creatures vanquished.

Notes
Turn   | Place    | Note
-------+----------+-------------------------------------------
     0 | D:1      | eccles the Minotaur Fighter began the quest for the Orb.
     0 | D:1      | Reached XP level 1. HP: 19/19 MP: 0/0
   152 | D:1      | Reached XP level 2. HP: 23/27 MP: 1/1
   629 | D:2      | Reached XP level 3. HP: 16/33 MP: 2/2
  1093 | D:2      | Found a deep blue altar of Sif Muna.
  1094 | D:2      | Found a glowing silver altar of Zin.
  1094 | D:2      | Found a shattered altar of Ashenzari.
  1095 | D:2      | Found a glowing golden altar of the Shining One.
  1130 | D:2      | Found an ancient bone altar of Kikubaaqudgha.
  1205 | D:2      | Slain by a kobold

Skill      XL: |  1  2  3 |
---------------+----------+-----
Armour         | 4 |  4.6
Fighting       | 4 |  4.1
Shields        | 4 |  4.2
Axes           | 3 |  3.1

Action                   || total
-------------------------++-------
Melee: War axe           ||    66
       Headbutt          ||     7
Armor: Scale mail        ||    28
Dodge: Dodged            ||    20
Block: Shield            ||    29
       Large shield      ||    13
